 Dungeon Crawl Stone Soup version 0.24-a0-520-g8fd06ad0bc (webtiles) character file.

Game seed: 13021941574305191971

161 vurker the Fighter (level 5, -1/54 HPs)
             Began as a Gnoll Wanderer on July 24, 2019.
             Slain by a centaur
             ... wielding a +0 hand axe
              (11 damage)
             ... on level 3 of the Dungeon.
             The game lasted 00:05:38 (2647 turns).

vurker the Fighter (Gnoll Wanderer)                 Turns: 2647, Time: 00:05:39

Health: -1/54      AC:  2    Str: 15    XL:     5   Next: 42%
Magic:  7/7        EV: 10    Int: 15    God:
Gold:   135        SH:  8    Dex: 14    Spells: 6/6 levels left

rFire    . . .     SeeInvis .   a - +2 short sword
rCold    . . .     Gourm    .   j - +0 shield
rNeg     . . .     Faith    .   d - +0 robe
rPois    .         Spirit   .   (no helmet)
rElec    .         Reflect  .   (no cloak)
rCorr    .         Harm     .   (no gloves)
MR       .....                  (no boots)
Stlth    ++........             (no amulet)
HPRegen  0.18/turn              (no ring)
MPRegen  0.10/turn              (no ring)

@: no status effects
A: distributed training, fangs 1, strong nose
a: no special abilities


You were on level 3 of the Dungeon.
You were not hungry.

You visited 1 branch of the dungeon, and saw 3 of its levels.

You collected 135 gold pieces.

Inventory:

Hand Weapons
 a - a +2 short sword (weapon)
 b - a +0 hunting sling
   (You found it on level 1 of the Dungeon)
Missiles
 k - 77 stones (quivered)
 o - 34 sling bullets
Armour
 d - a +0 robe (worn)
 j - a +0 shield (worn)
   (You found it on level 1 of the Dungeon)
Scrolls
 h - 2 scrolls of remove curse {unknown}
 i - a scroll of teleportation
 m - a scroll of blinking {unknown}
 n - a scroll of enchant weapon {unknown}
 q - a scroll of fear {unknown}
 r - 3 scrolls of noise {unknown}
 t - a scroll of identify {unknown}
 u - 2 scrolls of immolation {unknown}
Potions
 c - 2 potions of curing
 g - 3 potions of might {unknown}
 l - a potion of lignification {unknown}
 p - 2 potions of haste {unknown}
 s - a potion of agility {unknown}
Comestibles
 e - 2 rations
 f - a chunk of flesh


   Skills:
 + Level 10.4 Fighting
 + Level 3.0 Short Blades
 + Level 1.4 Long Blades
 + Level 1.4 Axes
 + Level 3.0 Maces & Flails
 + Level 1.4 Polearms
 + Level 1.4 Staves
 + Level 1.4 Slings
 + Level 1.4 Bows
 + Level 1.4 Crossbows
 + Level 4.8 Throwing
 + Level 1.4 Armour
 + Level 3.0 Dodging
 + Level 1.4 Stealth
 + Level 1.4 Shields
 + Level 1.4 Unarmed Combat
 + Level 1.4 Spellcasting
 + Level 1.1 Conjurations
 + Level 1.1 Hexes
 + Level 1.1 Charms
 + Level 1.1 Summonings
 + Level 1.1 Necromancy
 + Level 1.1 Translocations
 + Level 1.1 Transmutations
 + Level 1.1 Fire Magic
 + Level 1.1 Ice Magic
 + Level 1.1 Air Magic
 + Level 1.1 Earth Magic
 + Level 1.1 Poison Magic
 + Level 1.6 Invocations
 + Level 1.4 Evocations


You had 6 spell levels left.
You didn't know any spells.
Your spell library contained the following spells:

 Spells                   Type           Power        Failure   Level  Hunger
 Blink                    Tloc           N/A          77%         2    ###....
 Shroud of Golubria       Chrm/Tloc      #.....       77%         2    ###....
 Gell's Gravitas          Tloc           #.........   94%         3    ####...
 Lesser Beckoning         Tloc           #.........   94%         3    ####...
 Teleport Other           Tloc           #.......     94%         3    ####...
 Passage of Golubria      Tloc           N/A          100%        4    #####..


Dungeon Overview and Level Annotations

Branches:
Dungeon (3/15)

Altars:
Kikubaaqudgha
Makhleb
Qazlal
Uskayaw
Xom


Innate Abilities, Weirdness & Mutations

Your experience applies equally to all skills.
You have very sharp teeth.
Your uncanny sense of smell can sniff out nearby items.


Message History

You shoot a sling bullet.
The sling bullet barely misses the goblin.
You block the goblin's attack.
Firing (i - inventory. (/) - cycle)
o - 28 sling bullets (quivered)
Aim: a goblin, wielding a +0 club You shoot a sling bullet.
The sling bullet hits the goblin.
You kill the goblin!
A centaur comes into view.
It is wielding a +0 hand axe and carrying a wand of paralysis (11).
Some of the chunks of flesh in your inventory have rotted away.
The centaur unwields a +0 hand axe.
The centaur wields a +0 shortbow.
The centaur shoots an arrow.
You block the arrow.
You see here an arrow.
The centaur shoots an arrow.
The arrow closely misses you.
The centaur zaps a wand.
You resist with some effort.
You see here an arrow.
Some of the chunks of flesh in your inventory have rotted away.
o - 34 sling bullets (gained 7)
Items here: )))) †† The centaur unwields a +0 shortbow.
The centaur wields a +0 hand axe.
The centaur hits you with a +0 hand axe!
a - a +2 short sword (weapon)
You hit the centaur but do no damage. You block the centaur's attack. x2
You completely miss the centaur. You block the centaur's attack.
You hit the centaur.
The centaur zaps a wand.
You resist with some effort.
The centaur hits you with a +0 hand axe!
* * * LOW HITPOINT WARNING * * *
You hit the centaur. Your bite misses the centaur.
The centaur barely misses you.
You completely miss the centaur.
The centaur hits you with a +0 hand axe.
* * * LOW HITPOINT WARNING * * *
The centaur zaps a wand.
You resist with some effort.
You hit the centaur. The centaur barely misses you.
Unknown command.
You hit the centaur. The centaur misses you.
You hit the centaur but do no damage. Your bite misses the centaur.
The centaur hits you with a +0 hand axe.
* * * LOW HITPOINT WARNING * * *
The centaur zaps a wand.
You resist with some effort.
You hit the centaur.
The centaur hits you with a +0 hand axe.
* * * LOW HITPOINT WARNING * * *
You completely miss the centaur.
The centaur hits you with a +0 hand axe!
You die...

#..#####...
#.)##### .# #
##......##.#
#.##...###.c..#
#....#........##.
####...##........
##.###.#######
#)# #(# #@###.#
#(c.(.# #####.#
#.# #.#######.#
#...g.....#
####g(##### #(.#
#.(#


You could see a centaur.

Vanquished Creatures
  5 gnolls
  3 adders
  A dart slug (D:1)
  2 leopard geckos
  3 orcs
  3 ball pythons
  5 bats
  5 giant cockroaches
  8 goblins
  9 hobgoblins
  10 jackals
  7 kobolds
  3 frilled lizards
  6 rats
70 creatures vanquished.

Notes
Turn   | Place    | Note
-------+----------+-------------------------------------------
     0 | D:1      | Reached skill level 10 in Fighting
     0 | D:1      | vurker the Gnoll Wanderer began the quest for the Orb.
     0 | D:1      | vurker set off with the following items: a +2 short sword,
                  | a scroll of teleportation, a potion of curing, a +0 robe, a
                  | ration
     0 | D:1      | Reached XP level 1. HP: 28/28 MP: 1/1
    41 | D:1      | Reached XP level 2. HP: 24/36 MP: 2/2
   463 | D:1      | Reached XP level 3. HP: 40/42 MP: 3/3
   619 | D:1      | Reached skill level 1 in Invocations
   970 | D:2      | Reached skill level 1 in Long Blades
   970 | D:2      | Reached skill level 1 in Axes
   970 | D:2      | Reached skill level 1 in Polearms
   970 | D:2      | Reached skill level 1 in Staves
   970 | D:2      | Reached skill level 1 in Slings
   970 | D:2      | Reached skill level 1 in Bows
   970 | D:2      | Reached skill level 1 in Crossbows
   970 | D:2      | Reached skill level 1 in Armour
   970 | D:2      | Reached skill level 1 in Stealth
   970 | D:2      | Reached skill level 1 in Shields
   970 | D:2      | Reached skill level 1 in Unarmed Combat
   970 | D:2      | Reached skill level 1 in Spellcasting
   970 | D:2      | Reached skill level 1 in Evocations
   970 | D:2      | Reached XP level 4. HP: 43/48 MP: 5/5
  1610 | D:2      | Found a burning altar of Makhleb.
  1610 | D:2      | Found a stormy altar of Qazlal.
  1622 | D:2      | Found a hide-covered altar of Uskayaw.
  1624 | D:2      | Found a shimmering altar of Xom.
  1625 | D:2      | Found an ancient bone altar of Kikubaaqudgha.
  2171 | D:3      | Reached skill level 1 in Conjurations
  2171 | D:3      | Reached skill level 1 in Hexes
  2171 | D:3      | Reached skill level 1 in Charms
  2171 | D:3      | Reached skill level 1 in Summonings
  2171 | D:3      | Reached skill level 1 in Necromancy
  2171 | D:3      | Reached skill level 1 in Translocations
  2171 | D:3      | Reached skill level 1 in Transmutations
  2171 | D:3      | Reached skill level 1 in Fire Magic
  2171 | D:3      | Reached skill level 1 in Ice Magic
  2171 | D:3      | Reached skill level 1 in Air Magic
  2171 | D:3      | Reached skill level 1 in Earth Magic
  2171 | D:3      | Reached skill level 1 in Poison Magic
  2425 | D:3      | Reached XP level 5. HP: 54/54 MP: 6/6
  2620 | D:3      | Noticed a centaur
  2647 | D:3      | Slain by a centaur

Levels and vault maps discovered:
D:1:      dpeg_arrival_pond, layout_loops_cross
D:2:      layout_basic, chequers_temple_overflow_minitemple
D:3:      layout_loops_ring, grunt_dithmenos_smoke

Skill      XL: |  1  2  3  4  5 |
---------------+----------------+-----
Fighting       | | 10.4
Invocations    | 1 |  1.6
Long Blades    | 1 |  1.4
Axes           | 1 |  1.4
Polearms       | 1 |  1.4
Staves         | 1 |  1.4
Slings         | 1 |  1.4
Bows           | 1 |  1.4
Crossbows      | 1 |  1.4
Armour         | 1 |  1.4
Stealth        | 1 |  1.4
Shields        | 1 |  1.4
Unarmed Combat | 1 |  1.4
Spellcasting   | 1 |  1.4
Evocations     | 1 |  1.4
Conjurations   | 1 |  1.1
Hexes          | 1 |  1.1
Charms         | 1 |  1.1
Summonings     | 1 |  1.1
Necromancy     | 1 |  1.1
Translocations | 1 |  1.1
Transmutations | 1 |  1.1
Fire Magic     | 1 |  1.1
Ice Magic      | 1 |  1.1
Air Magic      | 1 |  1.1
Earth Magic    | 1 |  1.1
Poison Magic   | 1 |  1.1
Short Blades   | 3 |  3.0
Maces & Flails | 3 |  3.0
Dodging        | 3 |  3.0
Throwing       | |  4.8

Action                   |  1- 3 |  4- 6 || total
-------------------------+-------+-------++-------
Melee: Short sword       |    28 |    10 ||    38
       Bite              |     4 |       ||     4
 Fire: Hunting sling     |    70 |   146 ||   216
 Stab: Distracted        |     1 |       ||     1
  Eat: Chunk             |       |     3 ||     3
       Ration            |       |     1 ||     1
Armor: Robe              |    15 |    13 ||    28
Dodge: Dodged            |    32 |    50 ||    82
Block: Shield            |     9 |    36 ||    45

Table legend:
 A = Non-vault XP
 B = Vault XP
 C = Vault XP percentage of total XP
 D = Non-vault monster count
 E = Vault monster count
 F = Vault count percentage of total count
                 A         B        C        D         E       F
            +---------+---------+-------+---------+---------+-------
      Total |     231 |       0 |   0.0 |      70 |       0 |   0.0
            +---------+---------+-------+---------+---------+-------
        D:1 |      70 |       0 |   0.0 |      31 |       0 |   0.0
        D:2 |      61 |       0 |   0.0 |      19 |       0 |   0.0
        D:3 |     100 |       0 |   0.0 |      20 |       0 |   0.0
            +---------+---------+-------+---------+---------+-------
